 Dungeon Crawl Stone Soup version 0.31.0-7-gf635a9b802 (webtiles) character file.

Game seed: 12760684395642493481

5462 Esekla the Magician (level 10, -6/68 HPs)
             Began as an Octopode Cinder Acolyte on Jan 24, 2024.
             Was an Elder of Ignis.
             Mangled by a cane toad (18 damage)
             ... on level 1 of the Lair of Beasts.
             The game lasted 01:08:12 (9244 turns).

Esekla the Magician (Octopode Cinder Acolyte)       Turns: 9244, Time: 01:08:12

Health: -6/68      AC:  1    Str: 15    XL:     10   Next: 68%
Magic:  23/29      EV: 18    Int: 20    God:    Ignis [****..]
Gold:   527        SH:  0    Dex:  7    Spells: 12/22 levels left

rFire   + . .        a - +5 scimitar
rCold   + . .        (no shield)
rNeg    . . .        (helmet restricted)
rPois   .            (no amulet)
rElec   .            c - ring of wizardry
rCorr   .            m - ring of protection from cold
SInv    +            w - ring of see invisible
Will    .....        I - ring of flight
Stlth   ++++         J - ring of magical power
HPRegen 0.31/turn    H - +5 ring of evasion
MPRegen 0.21/turn    (no ring)
                     (no ring)

%: wizardry (x1)
@: about to teleport, on blink cooldown, flying
A: almost no armour, amphibious, 8 rings, camouflage 1, gelatinous body 1,
nimble swimmer 1, tentacles
a: Renounce Religion, Fiery Armour, Foxfire Swarm, Rising Flame


You were on level 1 of the Lair of Beasts.
You worshipped Ignis.
Ignis was greatly pleased with you.
You visited 3 branches of the dungeon, and saw 10 of its levels.
You also visited: Sewer and Bailey.

You collected 711 gold pieces.
You spent 184 gold pieces at shops.

Inventory:

Hand Weapons
 a - a +5 scimitar (weapon)
 f - a -1 falchion of flaming
 r - a +3 heavy spear
 s - a +2 dagger of electrocution
Missiles
 x - a curare-tipped dart
 D - 6 boomerangs (quivered)
 E - 25 poisoned darts
Jewellery
 c - a ring of wizardry (left tentacle)
 m - a ring of protection from cold (right tentacle)
 w - a ring of see invisible (on tentacle)
 H - a +5 ring of evasion (on tentacle)
 I - a ring of flight (on tentacle)
 J - a ring of magical power (on tentacle)
Wands
 y - a wand of mindburst (15)
Scrolls
 d - a scroll of amnesia
 g - a scroll of silence {unknown}
 k - 2 scrolls of teleportation
 l - 2 scrolls of noise {unknown}
 n - 3 scrolls of enchant weapon {unknown}
 t - 2 scrolls of enchant armour {unknown}
 v - 2 scrolls of poison
 z - a scroll of blinking {unknown}
 F - 2 scrolls of identify
 G - 2 scrolls of revelation
Potions
 b - 2 potions of attraction
 e - a potion of lignification
 h - 2 potions of might {unknown}
 i - a potion of brilliance
 j - 3 potions of curing
 o - 4 potions of heal wounds {unknown}
 p - 2 potions of haste
 q - 5 potions of resistance
 u - a potion of magic {unknown}
 A - a potion of invisibility
 B - a potion of mutation {unknown}
 C - a potion of berserk rage


   Skills:
 * Level 6.0 Fighting
 + Level 0.4(3.6) Short Blades
 * Level 5.8 Long Blades
 + Level 1.4 Throwing
 * Level 4.4 Dodging
 + Level 3.5 Stealth
 * Level 6.9 Spellcasting
 * Level 3.9 Conjurations
 + Level 3.4 Translocations
 + Level 4.8 Fire Magic
 * Level 4.9 Ice Magic
 * Level 3.7 Air Magic
 + Level 3.6 Alchemy
 + Level 0.2 Evocations


You had 12 spell levels left.
You knew the following spells:

 Your Spells              Type           Power      Damage    Failure   Level
b - Blink                 Tloc           40%        N/A       1%          2
c - Mephitic Cloud        Conj/Alch/Air  22%        N/A       2%          3
o - Scorch                Fire           52%        2d7       1%          2
r - Frozen Ramparts       Ice            52%        1d8       1%          3

Your spell library contained the following spells:

 Spells                   Type           Power      Damage    Failure   Level
 Freeze                   Ice            100%       1d10      1%          1
 Lesser Beckoning         Tloc           40%        N/A       1%          2
 Momentum Strike          Conj/Tloc      42%        3d9       1%          2
 Hailstorm                Conj/Ice       24%        3d7       1%          3
 Ensorcelled Hibernation  Hex/Ice        32%        N/A       2%          2
 Dazzling Flash           Conj/Hex       28%        N/A       5%          3
 Fugue of the Fallen      Necr           6%         N/A       12%         3
 Leda's Liquefaction      Alch/Erth      7%         N/A       17%         4
 Petrify                  Alch/Erth      14%        N/A       17%         4
 Anguish                  Hex/Necr       3%         N/A       34%         4
 Metabolic Englaciation   Hex/Ice        8%         N/A       34%         5
 Silence                  Hex/Air        7%         N/A       43%         5
 Curse of Agony           Necr           6%         N/A       69%         5
 Malign Gateway           Summ/Tloc      6%         N/A       100%        7
 Summon Horrible Things   Summ           3%         N/A       100%        8


Dungeon Overview and Level Annotations

Branches:
Dungeon (8/15)             Temple (1/1) D:5            Lair (1/5) D:8
  Sewer (visited)          Bailey (visited)

Altars:
Ashenzari
Cheibriados
Fedhas
Gozag
Hepliaklqana
Kikubaaqudgha
Makhleb
Okawaru
Qazlal
Ru
Sif Muna
Trog
Uskayaw
Vehumet
Wu Jian
Xom
Yredelemnul
Zin
The Shining One

Shops:
D:5 :*   D:6 *

Annotations:
D:3 dig 4 Zin scrolls
D:7 zenocrate's ghost, novice VSEn


Innate Abilities, Weirdness & Mutations

You cannot wear most types of armour.
You are amphibious.
You can wear up to eight rings at the same time.
Your skin changes colour to match your surroundings (Stealth+).
Your rubbery body absorbs attacks. (AC +1, EV +1)
You are camouflaged when in or above water. (Stealth+)
You have tentacles for arms and can constrict up to eight enemies at once.


Message History

Press: ? - help, Shift-Dir - straight line The ball explodes into a vile cloud!
The stinking cloud engulfs the electric eel.
The stinking cloud engulfs the plant.
The plant is lightly damaged.
You hear a croak.
A nearby plant withers and dies.
The electric eel shoots out a bolt of lightning at you!
The bolt of electricity hits the plant!
The bolt of electricity misses you.
The electric eel shoots out a bolt of lightning at you!
The bolt of electricity hits the plant!
The bolt of electricity hits you!
A cane toad comes into view.
The cane toad gives a loud, deep croak!
Casting: Mephitic Cloud (dangerous; 2% risk of failure)
Confirm with . or Enter, or press ? or * to list all spells.
Aiming: Mephitic Cloud (dangerous; 2% risk of failure)
Press: ? - help, Shift-Dir - straight line, f - electric eel
Aim: an electric eel (chance to affect: 86%)
The ball explodes into a vile cloud!
The stinking cloud engulfs the electric eel.
The stinking cloud engulfs the plant.
The plant is moderately damaged.
You hear an angry hiss.
The electric eel is engulfed in noxious fumes.
A nearby plant withers and dies.
The electric eel is engulfed in noxious fumes.
The electric eel shoots out a bolt of lightning at you!
The bolt of electricity misses you.
The electric eel is engulfed in noxious fumes.
The electric eel appears confused.
A water moccasin comes into view.
The cane toad stings you!!
* * * LOW HITPOINT WARNING * * *
Casting: Mephitic Cloud (dangerous; 2% risk of failure)
Confirm with . or Enter, or press ? or * to list all spells.
You blink.
Something bites the plant.
The plant begins to die.
As you read the scroll of teleportation, it crumbles to dust.
You feel strangely unstable. The cane toad stings you!!
You die...

♣♣♣♣♣♣ ♣♣~~~~♣♣
♣♣♣P~~~~~♣ ♣♣~≈~≈≈≈~~♣♣
♣~~~≈@F≈≈~~♣
♣~≈~≈≈≈≈≈≈~♣♣
♣P≈≈≈≈≈≈≈≈~~♣#########
♣~P~≈~≈≈~≈~~♣#........
..P~~~~~≈~P~P...###....
...~~~~~P~PP~~##.##.....
...~~~~~P~~~~~...###>...
...P~~S~P~~~~~...##..##.
.~~~~PS~~~P~....##.###


You could see a cane toad and an electric eel (confused).

Vanquished Creatures
  An orc knight (Bailey)
  6 yaks
  4 wyverns
  A vampire mosquito (D:7)
  Duvessa (D:4)
  2 water moccasins (D:8)
  Pargi (Sewer)
  7 orc warriors
  2 black bears (D:6)
  An ogre (D:7)
  3 kobold brigands
  A phantom (D:5)
  A brain worm (Sewer)
  5 bullfrogs
  A scorpion (D:7)
  10 wights
  Dowan (D:4)
  2 howler monkeys
  A jelly (D:7)
  An orc priest (D:7)
  4 bombardier beetles
  3 hounds
  2 gnoll boudas
  5 orc wizards
  9 gnolls
  6 adders
  2 white imps
  2 ufetubi (D:6)
  A dart slug (D:1)
  2 ribbon worms
  28 orcs
  10 ball pythons
  6 endoplasms
  3 giant cockroaches
  9 goblins
  6 hobgoblins
  12 kobolds
  4 quokkas
  12 bats
  3 frilled lizards
  7 rats
188 creatures vanquished.

Vanquished Creatures (others)
  A human (D:8)
1 creature vanquished.

Grand Total: 189 creatures vanquished

Notes
Turn   | Place    | Note
-------+----------+-------------------------------------------
     0 | D:1      | Esekla the Octopode Cinder Acolyte began the quest for the
                  | Orb.
     0 | D:1      | Reached XP level 1. HP: 16/16 MP: 2/2
   164 | D:1      | Reached XP level 2. HP: 21/21 MP: 3/3
   259 | D:1      | Learned a level 2 spell: Scorch
   629 | D:1      | Reached XP level 3. HP: 18/26 MP: 4/4
   937 | D:2      | Found an opulent altar of Gozag.
  1217 | D:2      | Reached skill level 1 in Dodging
  1638 | D:2      | Reached XP level 4. HP: 33/33 MP: 5/5
  1642 | D:2      | Reached skill level 1 in Stealth
  1752 | D:3      | Learned a level 3 spell: Frozen Ramparts
  1990 | D:3      | Found a glowing silver altar of Zin.
  2301 | D:3      | Reached XP level 5. HP: 36/37 MP: 3/7
  2415 | D:3      | Found an opulent altar of Gozag.
  2546 | D:4      | Found an ornate altar of the Wu Jian Council.
  2782 | D:4      | Reached skill level 1 in Ice Magic
  2949 | D:4      | Found an iron altar of Okawaru.
  3000 | D:4      | Reached XP level 6. HP: 43/43 MP: 9/9
  3056 | D:4      | Learned a level 3 spell: Mephitic Cloud
  3332 | D:4      | Noticed Dowan
  3335 | D:4      | Noticed Duvessa
  3356 | D:4      | Killed Duvessa
  3372 | D:4      | Killed Dowan
  3555 | D:4      | Reached XP level 7. HP: 29/48 MP: 5/11
  3868 | D:5      | Entered Level 5 of the Dungeon
  4015 | D:5      | Found a hazy altar of Hepliaklqana.
  4093 | D:5      | Learned a level 2 spell: Blink
  4279 | D:5      | Found a staircase to the Ecumenical Temple.
  4288 | Temple   | Entered the Ecumenical Temple
  4640 | D:5      | Found Guth's Assorted Antiques.
  4641 | D:5      | Found a blossoming altar of Fedhas.
  4647 | D:5      | Bought a scroll labelled MEECVU NOLUSI for 32 gold pieces
  4647 | D:5      | Bought a scroll labelled BAYKLU UFYOFF for 32 gold pieces
  4647 | D:5      | Bought a scroll labelled DIEPAU LEDGHESH for 32 gold pieces
  4647 | D:5      | Bought a scroll labelled BAYKLU UFYOFF for 32 gold pieces
  4647 | D:5      | Bought a metallic white potion for 28 gold pieces
  4647 | D:5      | Bought an orange potion for 28 gold pieces
  4776 | D:5      | Found a hide-covered altar of Uskayaw.
  4778 | D:5      | Noticed a +0 hand axe
  4778 | D:5      | Noticed a +0 dagger
  4814 | D:5      | Found Vaynaf's Tiny Tomes.
  4886 | D:6      | Reached skill level 1 in Throwing
  4886 | D:6      | Reached skill level 1 in Alchemy
  4953 | D:6      | Found Uche's Elemental Accessories.
  5239 | D:6      | Reached skill level 1 in Conjurations
  5243 | D:6      | Reached skill level 1 in Translocations
  5298 | D:6      | Reached XP level 8. HP: 52/54 MP: 10/13
  5342 | D:6      | Found a glowing drain.
  5362 | Sewer    | Entered a sewer
  5393 | Sewer    | Reached skill level 1 in Air Magic
  5474 | Sewer    | Noticed Pargi
  5482 | Sewer    | Killed Pargi
  6273 | D:7      | Noticed a wyvern
  6281 | D:7      | Killed a wyvern
  6345 | D:7      | Found a runed translucent door.
  6345 | D:7      | Noticed zenocrate's ghost (novice VSEn)
  6376 | D:7      | Found a flagged portal.
  6405 | D:7      | Reached XP level 9. HP: 44/59 MP: 15/15
  6459 | Bailey   | Entered a bailey
  6484 | Bailey   | Reached skill level 5 in Spellcasting
  6505 | Bailey   | HP: 3/60 [orc warrior/+0 spear (5)]
  6981 | Bailey   | Noticed an orc knight
  6983 | Bailey   | Killed an orc knight
  6984 | Bailey   | Reached skill level 5 in Fighting
  6990 | Bailey   | Reached skill level 5 in Long Blades
  7098 | Bailey   | Identified the +1 plate armour "Pinuubat" {Harm rN++ Dex-2}
  7587 | D:7      | Found a glowing golden altar of the Shining One.
  7791 | D:7      | Reached XP level 10. HP: 30/66 MP: 16/18
  8032 | D:8      | Found a staircase to the Lair.
  8261 | D:8      | Found a bloodstained altar of Trog.
  9100 | D:8      | Found an ancient bone altar of Kikubaaqudgha.
  9155 | Lair:1   | Entered Level 1 of the Lair of Beasts
  9211 | Lair:1   | Identified the +0 robe of Mordant Joy {rF+}
  9233 | Lair:1   | Noticed a cane toad
  9244 | Lair:1   | Mangled by a cane toad

Illustrated notes

Levels and vault maps discovered:
D:1:      dpeg_arrival_ratfight, layout_loops_ring, minmay_misc_feat_tiny,
          corexii_corridor_pit, chequers_mini_garden
D:2:      layout_basic, basic_altar
D:3:      layout_rooms, mainiacjoe_overflow_alcove_4, zin_scriptorium,
          kennysheep_big_empty_room, uniq_crazy_yiuf_cottage
D:4:      layout_loops_ring, lemuel_round_altar, mainiacjoe_overflow_boulevard,
          minivault_27, kennysheep_small_spiral, uniq_duvessa
D:5:      layout_basic, dancing_weapons_uskayaw, fedhas_altar_3,
          nicolae_overflow_crystal_walls, minmay_temple_entry_statues_pillars,
          serial_shops, shop, nicolae_shop_i_like_small_books_too,
          nicolae_houndstooth_variations
D:6:      kennysheep_six_static_rooms, layout_loops_ring,
          cheibrodos_sewer_entry_bend, nicolae_elemental_shop
D:7:      layout_gridville, tso_altar, ebering_ghost_inner_flame, enter_bailey_5
D:8:      layout_loops_ring, tgw_kikubaaqudgha, mainiacjoe_overflow_catwalk,
          minmay_lair_entry_grove
Temple:   compressed_dpeg_triangle_lava_temple
Lair:1:   layout_gridlike, serial_forest, infiniplex_forest_lined_2,
          infiniplex_forest_clump_double, infiniplex_forest_lined_2,
          infiniplex_forest_lined_ring, infiniplex_forest_straight_2,
          infiniplex_forest_lined_corner, infiniplex_forest_clump_medium,
          infiniplex_forest_lined_2, serial_bayou_shore_a

Skill      XL: |  1  2  3  4  5  6  7  8  9 10 |
---------------+-------------------------------+-----
Dodging        | 1 2 3 4 |  4.4
Stealth        | 1 2 3 |  3.5
Spellcasting   | 2 3 4 5 6 |  6.9
Ice Magic      | 1 2 3 4 |  4.9
Fighting       | 4 5 6 |  6.0
Long Blades    | 4 5 |  5.8
Throwing       | 1 |  1.4
Alchemy        | 1 2 3 |  3.6
Conjurations   | 1 2 3 |  3.9
Translocations | 1 2 3 |  3.4
Air Magic      | 2 3 |  3.7
Fire Magic     | 4 |  4.8
Short Blades   | |  0.4
Evocations     | |  0.2

Action                     |  1- 3 |  4- 6 |  7- 9 | 10-12 || total
---------------------------+-------+-------+-------+-------++-------
  Melee: Falchion          |    83 |    54 |    76 |       ||   213
         Constrict         |    17 |    12 |    31 |     5 ||    65
         Tentacles         |    10 |    10 |    31 |     7 ||    58
         Dagger            |       |     6 |    23 |     4 ||    33
         Punch             |       |       |     4 |     1 ||     5
         Great sword       |       |       |    19 |       ||    19
         Scimitar          |       |       |       |    45 ||    45
  Throw: Dart              |       |    16 |    16 |       ||    32
         Boomerang         |       |       |     5 |     5 ||    10
   Cast: Scorch            |     5 |    19 |    50 |    22 ||    96
         Frozen Ramparts   |       |     3 |    17 |    12 ||    32
         Mephitic Cloud    |       |       |     6 |     2 ||     8
         Blink             |       |       |       |     1 ||     1
 Invoke: Fiery Armour      |       |     1 |     3 |       ||     4
  Evoke: Wand              |       |       |     7 |       ||     7
    Use: Scroll            |       |       |    11 |     1 ||    12
         Potion            |       |       |     1 |     1 ||     2
   Stab: Sleeping          |     7 |     3 |     2 |     2 ||    14
 Armour: Skin              |    41 |    42 |   104 |    34 ||   221
  Dodge: Dodged            |    48 |    28 |   125 |    36 ||   237
